 Dungeon Crawl Stone Soup version 0.27-a0-1597-ge58577e147 (webtiles) character file.

Game seed: 10150650921199026335

7 Mitsuki the Chiller (level 1, 0/10 HPs)
             Began as a Deep Elf Ice Elementalist on July 21, 2021.
             Killed from afar by a dart slug (2 damage)
             ... with a slug dart
             ... on level 1 of the Dungeon.
             The game lasted 00:01:39 (271 turns).

Mitsuki the Chiller (Deep Elf Ice Elementalist)      Turns: 271, Time: 00:01:40

Health: 0/10       AC:  2    Str:  5    XL:     1   Next: 91%
Magic:  12/15      EV: 12    Int: 19    God:
Gold:   9          SH:  0    Dex: 15    Spells: 5/6 levels left

rFire    . . .     SeeInvis .   (no weapon)
rCold    . . .     Faith    .   (no shield)
rNeg     . . .     Spirit   .   a - +0 robe
rPois    .         Reflect  .   (no helmet)
rElec    .         Harm     .   (no cloak)
rCorr    .         Rampage  .   (no gloves)
Will     .....                  (no boots)
Stlth    ++........             (no amulet)
HPRegen  0.03/turn              b - ring of magical power
MPRegen  0.14/turn              (no ring)

@: no status effects
A: no striking features
a: no special abilities


You were on level 1 of the Dungeon.
You visited 1 branch of the dungeon, and saw 1 of its levels.

You collected 9 gold pieces.

Inventory:

Hand Weapons
 d - a +0 club
Armour
 a - a +0 robe (worn)
Jewellery
 b - a ring of magical power (left hand)
Potions
 c - a potion of haste {unknown}


   Skills:
 - Level 2.4 Dodging
 - Level 2.4 Stealth
 + Level 3.3 Spellcasting
 * Level 4.7 Ice Magic


You had 5 spell levels left.
You knew the following spells:

 Your Spells              Type           Power      Damage    Failure   Level
a - Freeze                Ice            84%        1d10      2%          1

Your spell library contained the following spells:

 Spells                   Type           Power      Damage    Failure   Level
 Frozen Ramparts          Ice            42%        1d6       6%          3
 Ozocubu's Armour         Ice            21%        N/A       6%          3
 Hailstorm                Conj/Ice       12%        3d5       50%         4


Dungeon Overview and Level Annotations

Branches:
Dungeon (1/15)

Altars:


Message History

The endoplasm quivers.
Casting: Freeze (safe; 2% risk of failure)
Confirm with . or Enter, or press ? or * to list all spells.
You freeze the endoplasm!
You kill the endoplasm!
You now have 14/15 mp.
A jackal comes into view.
Found a leather armour.
Casting: Freeze (safe; 2% risk of failure)
Confirm with . or Enter, or press ? or * to list all spells.
You freeze the ball python.
You kill the ball python!
The jackal barks!
You hear a bark! x2
A bat comes into view.
You now have 13/15 mp.
The dart slug launches a dart at you. The slug dart misses you.
The bat barely misses you.
A jackal comes into view.
Casting: Freeze (safe; 2% risk of failure)
Confirm with . or Enter, or press ? or * to list all spells.
You freeze the jackal.
You kill the jackal!
The bat closely misses you.
A jackal comes into view.
The dart slug launches a dart at you. The slug dart hits you.
You take 4 damage, and have 6/10 hp.
MASSIVE DAMAGE!!
You now have 12/15 mp.
Casting: Freeze (safe; 2% risk of failure)
Confirm with . or Enter, or press ? or * to list all spells.
You freeze the bat.
You kill the bat!
The jackal barks!
The dart slug launches a dart at you. The slug dart hits you.
* * * LOW HITPOINT WARNING * * *
You take 4 damage, and have 2/10 hp.
MASSIVE DAMAGE!!
The dart slug launches a dart at you. The slug dart hits you.
You die...

##≈≈≈ #≈≈..♣.
#.♣...♣..≈≈.
#.≈≈.♣.≈≈≈≈
#.≈.≈.≈≈≈≈
#.≈≈≈≈#≈≈ #..≈≈.#≈#
.##...w..#####..#
.................
#.###....@#########
......?...†......#
#########........#
#.†h.....#
###......# #..h...#
##.....# ##.....
..[..


You could see a dart slug and 2 jackals.

Vanquished Creatures
  A ball python (D:1)
  An endoplasm (D:1)
  A goblin (D:1)
  A jackal (D:1)
  A bat (D:1)
  A frilled lizard (D:1)
  A rat (D:1)
7 creatures vanquished.

Notes
Turn   | Place    | Note
-------+----------+-------------------------------------------
     0 | D:1      | Mitsuki the Deep Elf Ice Elementalist began the quest for
                  | the Orb.
     0 | D:1      | Reached XP level 1. HP: 10/10 MP: 6/6
   271 | D:1      | Killed from afar by a dart slug

Illustrated notes

Levels and vault maps discovered:
D:1:      dpeg_arrival_renting, layout_rooms, corner_web_ring,
          chequers_serial_rivers_marsh

Action                   || total
-------------------------++-------
 Cast: Freeze            ||     7
Dodge: Dodged            ||     5

Table legend: (Time is in decaauts)
 A = Elapsed time spent in this place.
 B = Non-inter-level travel time spent in this place.
 C = Inter-level travel time spent in this place.
 D = Time resting spent in this place.
 E = Time spent auto-exploring this place.
 F = Levels seen in this place.
 G = Mean time per level.
                   A        B        C        D        E       F      G
               +--------+--------+--------+--------+--------+-----+--------+
         Total |    270 |    270 |      0 |      0 |    219 |   1 |  270.0 |
       Dungeon |    270 |    270 |      0 |      0 |    219 |   1 |  270.0 |
               +--------+--------+--------+--------+--------+-----+--------+

Top non-repeatable levels by time:
     D:1: 270 daAuts
